 Dungeon Crawl Stone Soup version 0.21.1-1-g345015fe64 (webtiles) character file.

190 Oravi the Changer (level 5, -1/38 HPs)
             Began as a Merfolk Transmuter on May 4, 2018.
             Slain by Duvessa
             ... wielding a +0 short sword
              (7 damage)
             ... on level 4 of the Dungeon.
             The game lasted 00:09:25 (3682 turns).

Oravi the Changer (Merfolk Transmuter)              Turns: 3682, Time: 00:09:26

Health: -1/38      AC:  2    Str: 11    XL:     5   Next: 69%
Magic:  8/8        EV: 22    Int: 13    God:
Gold:   231        SH:  0    Dex: 19    Spells: 2/8 levels left

rFire    . . .     SeeInvis .     - Unarmed
rCold    . . .     Gourm    .   (shield currently unavailable)
rNeg     . . .     Faith    .   (armour currently unavailable)
rPois    x         Spirit   .   (helmet currently unavailable)
rElec    .         Reflect  .   (cloak currently unavailable)
rCorr    .         Harm     .   (gloves currently unavailable)
MR       .....                  (boots currently unavailable)
Stlth    ++........             (no amulet)
HPRegen  0.12/turn              (no ring)
MPRegen  0.11/turn              (no ring)

@: spider-form
A: tiny, (change form in water), (swift swim), (stealthy swim)
a: End Transformation


You were on level 4 of the Dungeon.
You were not hungry.
You were a venomous arachnid creature.
You visited 1 branch of the dungeon, and saw 4 of its levels.

You collected 231 gold pieces.

Inventory:

Missiles
 a - 20 arrows
Armour
 b - a +0 robe (melded)
Jewellery
 o - a +4 ring of protection {unknown}
 r - an uncursed ring of protection from fire {unknown}
 v - an uncursed amulet of magic regeneration {unknown}
Scrolls
 f - a scroll of remove curse
 h - a scroll of amnesia {unknown}
 j - a scroll of noise {unknown}
 l - 4 scrolls of identify {unknown}
 m - 3 scrolls of teleportation {unknown}
 n - a scroll of blinking {unknown}
 p - a scroll of immolation {unknown}
 s - a scroll of enchant weapon {unknown}
 w - a scroll of fog {unknown}
 x - 2 scrolls of fear {unknown}
Potions
 g - a potion of cancellation {unknown}
 i - a potion of might {unknown}
 k - 3 potions of haste {unknown}
 q - 2 potions of ambrosia {unknown}
 t - a potion of curing {unknown}
 u - a potion of degeneration {unknown}
Books
 c - a book of Changes

   Spells                             Type                      Level
   a - Beastly Appendage              Transmutation                1
   b - Sticks to Snakes               Transmutation                2
   c - Spider Form                    Transmutation/Poison         3
   d - Ice Form                       Ice/Transmutation            4
   e - Blade Hands                    Transmutation                5
Comestibles
 d - 6 rations


   Skills:
 + Level 2.1 Fighting
 + Level 3.7 Dodging
 + Level 4.4 Unarmed Combat
 + Level 2.4 Spellcasting
 + Level 4.5 Transmutations
 + Level 1.5 Poison Magic


You had 2 spell levels left.
You knew the following spells:

 Your Spells              Type           Power        Failure   Level  Hunger
a - Spider Form           Tmut/Pois      #.........   41%         3    ###....
b - Sticks to Snakes      Tmut           ##......     17%         2    ###....
c - Beastly Appendage     Tmut           ##....       12%         1    #......


Dungeon Overview and Level Annotations

Branches:
Dungeon (4/15)
 Temple: D:4-7

Altars:
Qazlal
Uskayaw

Annotations:
D:3 Mrkan's ghost, amateur MiFi
D:4 Dowan; Duvessa


Message History

You are too injured to fight recklessly!
Duvessa misses you.
The orc wizard gestures at you while chanting.
The magic dart hits you!
* * * LOW HITPOINT WARNING * * *
The orc wizard looks encouraged for a moment.
Your transformation has ended.
Your +0 robe unmelds from your body.
An orc comes into view.
Duvessa looks more healthy.
The orc wizard gestures at you while chanting.
The magic dart hits you!
* * * LOW HITPOINT WARNING * * *
Casting: Spider Form
Confirm with . or Enter, or press ? or * to list all spells.
You turn into a venomous arachnid creature.
Your +0 robe melds into your body.
Duvessa closely misses you.
It was a potion of magic.
Magic courses through your body. Duvessa hits you with a short sword!
You die...

#..######.#.....# #.# #..#
#.##...##########.#
#..######.###.............#
#...........<..############
##.######.###.## #.# #.#
#.# #.######.# #.#
#........# #.# ##########
#s# #e# ###.######## ##
#..o........ . ####
#.#.#######. . ..# #.e..##
#. #.# #.....#
#.##.##.###.(..##
#.........#e#.##


You could see Duvessa, Dowan and an orc wizard.

Vanquished Creatures
  2 orc wizards
  3 adders
  2 oozes (D:1)
  2 worms
  A dart slug (D:1)
  3 leopard geckos
  12 orcs
  6 bats
  3 giant cockroaches
  5 goblins
  5 hobgoblins
  8 jackals (D:3)
  7 kobolds
  A quokka (D:3)
  A ball python (D:2)
  2 frilled lizards
  10 rats
73 creatures vanquished.

Notes
Turn   | Place    | Note
-------+----------+-------------------------------------------
     0 | D:1      | Oravi the Merfolk Transmuter began the quest for the Orb.
     0 | D:1      | Reached XP level 1. HP: 15/15 MP: 3/3
    77 | D:1      | Reached XP level 2. HP: 17/21 MP: 3/5
   562 | D:1      | Reached XP level 3. HP: 26/26 MP: 4/6
   666 | D:1      | Learned a level 2 spell: Sticks to Snakes
   670 | D:1      | Learned a level 3 spell: Spider Form
   940 | D:2      | Reached XP level 4. HP: 32/32 MP: 0/7
  1689 | D:3      | Reached skill level 1 in Poison Magic
  1936 | D:2      | Reached XP level 5. HP: 5/38 MP: 3/8
  2294 | D:3      | Found a hide-covered altar of Uskayaw.
  2459 | D:3      | Noticed Mrkan's ghost (amateur MiFi)
  2992 | D:3      | Found a stormy altar of Qazlal.
  3657 | D:4      | Noticed Duvessa
  3662 | D:4      | Noticed Dowan
  3682 | D:4      | Slain by Duvessa

Skill      XL: |  1  2  3  4  5 |
---------------+----------------+-----
Transmutations | 3 4 |  4.5
Unarmed Combat | 4 |  4.4
Dodging        | 3 |  3.7
Poison Magic   | 1 |  1.5
Fighting       | 2 |  2.1
Spellcasting   | |  2.4

Action                   |  1- 3 |  4- 6 || total
-------------------------+-------+-------++-------
Melee: Unarmed           |    78 |   125 ||   203
       Headbutt          |     4 |       ||     4
 Cast: Beastly Appendage |    17 |       ||    17
       Spider Form       |     2 |    20 ||    22
       Sticks to Snakes  |       |     1 ||     1
  Use: Scroll            |     2 |       ||     2
       Potion            |       |     1 ||     1
 Stab: Sleeping          |     2 |       ||     2
  Eat: Chunk             |     1 |     8 ||     9
       Ration            |       |     1 ||     1
Armor: Robe              |     9 |     2 ||    11
       Skin              |     1 |    10 ||    11
Dodge: Dodged            |    50 |   139 ||   189
